 Dungeon Crawl Stone Soup version 0.27-a0-637-g3a9f0a9c12 (webtiles) character file.

Game seed: 6333604675267947253

4 JoanKharjo the Vexing (level 1, -2/15 HPs)
             Began as a Human Arcane Marksman on Mar 15, 2021.
             Slain by a goblin
             ... wielding a +0 dagger
              (3 damage)
             ... on level 1 of the Dungeon.
             The game lasted 00:00:58 (116 turns).

JoanKharjo the Vexing (Human Arcane Marksman)        Turns: 116, Time: 00:00:58

Health: -2/15      AC:  2    Str: 10    XL:     1   Next: 66%
Magic:  2/2        EV: 12    Int: 13    God:
Gold:   16         SH:  0    Dex: 13    Spells: 1/2 levels left

rFire    . . .     SeeInvis .   b - +0 club
rCold    . . .     Faith    .   (no shield)
rNeg     . . .     Spirit   .   e - +0 robe
rPois    .         Reflect  .   (no helmet)
rElec    .         Harm     .   (no cloak)
rCorr    .         Rampage  .   (no gloves)
Will     .....                  (no boots)
Stlth    +.........             (no amulet)
HPRegen  0.05/turn              (no ring)
MPRegen  0.08/turn              (no ring)

@: no status effects
A: no striking features
a: no special abilities


You were on level 1 of the Dungeon.
You visited 1 branch of the dungeon, and saw 1 of its levels.

You collected 16 gold pieces.

Inventory:

Hand Weapons
 a - a +0 shortbow
 b - a +0 club (weapon)
Missiles
 d - 20 arrows
Armour
 e - a +0 robe (worn)


   Skills:
 - Level 1.0 Fighting
 + Level 2.4 Bows
 - Level 2.0 Dodging
 - Level 1.0 Spellcasting
 - Level 3.0 Hexes


You had one spell level left.
You knew the following spells:

 Your Spells              Type           Power      Damage    Failure   Level
a - Corona                Hex            8%         N/A       9%          1

Your spell library contained the following spells:

 Spells                   Type           Power      Damage    Failure   Level
 Slow                     Hex            8%         N/A       12%         2
 Inner Flame              Hex/Fire       4%         N/A       41%         3
 Portal Projectile        Hex/Tloc       8%         N/A       41%         3
 Cause Fear               Hex            4%         N/A       63%         4
 Leda's Liquefaction      Hex/Erth       2%         N/A       83%         4


Dungeon Overview and Level Annotations

Branches:
Dungeon (1/15)

Altars:


Message History

You hit the kobold.
You kill the kobold!
No target in view!
No target in view!
No target in view!
d - 17 arrows (gained 5)
Things that are here:
a +0 club; a hobgoblin corpse; a giant cockroach corpse
b - a +0 club
b - a +0 club (weapon)
d - 18 arrows (gained 1)
You see here a +0 chain mail.
d - 20 arrows (gained 2)
You now have 16 gold pieces.
Found a stone staircase leading down.
Found a club.
A goblin comes into view. It is wielding a +0 dagger.
A goblin is nearby!
The goblin barely misses you.
Found 9 gold pieces.
You barely miss the goblin. The goblin closely misses you.
You barely miss the goblin.
The goblin hits you with a +0 dagger. x2
You are too injured to fight recklessly!
You are too injured to fight recklessly!
You are too injured to fight recklessly!
You are too injured to fight recklessly!
You hit the goblin.
The goblin is heavily wounded.
The goblin hits you but does no damage.
You miss the goblin.
The goblin is heavily wounded.
The goblin barely misses you.
You hit the goblin.
The goblin is severely wounded.
The goblin hits you with a +0 dagger. x2
* * * LOW HITPOINT WARNING * * *
You completely miss the goblin.
The goblin is severely wounded.
The goblin hits you with a +0 dagger.
You die...

.##.#.###.##...####
..................+
.##.########...####.
.#..# #............
....# #)###....####
...## #....♣.♣##
..## #.#>...... ..#
# #.###♣.♣#♣####♣
..#
#.#.###..@g.....♣
[.#
#......♣#♣#♣..##♣
..# ###.#### .# .##
#.# .. .# #.# .$ †#
... .# .# #.. # .#
### .#


You could see a goblin.

Vanquished Creatures
  A giant cockroach (D:1)
  A hobgoblin (D:1)
  A kobold (D:1)
3 creatures vanquished.

Notes
Turn   | Place    | Note
-------+----------+-------------------------------------------
     0 | D:1      | JoanKharjo the Human Arcane Marksman began the quest for
                  | the Orb.
     0 | D:1      | Reached XP level 1. HP: 15/15 MP: 2/2
   116 | D:1      | Slain by a goblin

Illustrated notes

Levels and vault maps discovered:
D:1:      lightli_arrival_maybe_door_vault, layout_loops_corners, serial_forest,
          infiniplex_forest_clump_double, infiniplex_forest_side_room,
          infiniplex_forest_join, infiniplex_forest_lined_2,
          infiniplex_forest_lined_corner, minmay_pentomino_u2

Action                   || total
-------------------------++-------
Melee: Unarmed           ||     9
       Club              ||     6
 Fire: Shortbow          ||     8
Armor: Robe              ||     5
Dodge: Dodged            ||    16

Table legend: (Time is in decaauts)
 A = Elapsed time spent in this place.
 B = Non-inter-level travel time spent in this place.
 C = Inter-level travel time spent in this place.
 D = Time resting spent in this place.
 E = Time spent auto-exploring this place.
 F = Levels seen in this place.
 G = Mean time per level.
                   A        B        C        D        E       F      G
               +--------+--------+--------+--------+--------+-----+--------+
         Total |    117 |    117 |      0 |      0 |     51 |   1 |  117.0 |
       Dungeon |    117 |    117 |      0 |      0 |     51 |   1 |  117.0 |
               +--------+--------+--------+--------+--------+-----+--------+

Top non-repeatable levels by time:
     D:1: 117 daAuts
